 Dungeon Crawl Stone Soup version 0.17-a0-26-g7f25774 (webtiles) character file.

22 LogicNinja the Poker (level 2, -1/18 HPs)
             Began as an Imp Skald on Mar 7, 2015.
             Killed from afar by Sigmund (8 damage)
             ... with a wand of flame
             ... on level 2 of the Dungeon.
             The game lasted 00:01:05 (941 turns).

LogicNinja the Poker (Imp Skald)                     Turns: 941, Time: 00:01:05

Health: -1/18      AC:  2    Str: 11    XL:     2   Next: 68%
Magic:  0/4        EV: 16    Int: 11    God:
Gold:   71         SH:  0    Dex: 15    Spells: 2 memorised, 2 levels left

rFire  . . .     SeeInvis .     a - +0 spear
rCold  . . .     Clarity  .     b - +0 robe
rNeg   + + +     SustAb   .     (shield restricted)
rPois  ∞         Gourm    .     (helmet restricted)
rElec  .         Spirit   .     (no cloak)
rCorr  .         Warding  .     (gloves unavailable)
rMut   .         Rnd*Tele +     (boots unavailable)
MR     .....                    (no amulet)
Stlth  +.........               (no ring)
                                (no ring)

@: infused (expiring), not resistant to hostile enchantments, very unstealthy
A: unfitting armour, blink 2, negative energy resistance 3, regeneration 1,
screaming 3, teleportitis 2, torment resistance
a: Blink


You were on level 2 of the Dungeon.
You were not hungry.

You visited 1 branch of the dungeon, and saw 2 of its levels.

You collected 71 gold pieces.

Inventory:

Hand weapons
 a - a +0 spear (weapon)
Armour
 b - a +0 robe (worn)
Scrolls
 e - a scroll of magic mapping {unknown}
 g - a scroll of blinking {unknown}
 h - a scroll of teleportation {unknown}
 i - a scroll of identify {unknown}
 j - a scroll of fear {unknown}
 l - a scroll of remove curse {unknown}
 n - a scroll of fog {unknown}
Potions
 f - a potion of cure mutation {unknown}
 k - 2 potions of curing
 o - a potion of restore abilities {unknown}
Books
 c - a book of Battle

   Spells                             Type                      Level
   a - Infusion                       Charms                       1
   b - Shroud of Golubria             Charms/Translocation         2
   c - Song of Slaying                Charms                       2
   d - Spectral Weapon                Hexes/Charms                 3
   e - Regeneration                   Charms/Necromancy            3
Comestibles
 d - a bread ration
 m - 2 fruits


   Skills:
 - Level 2.4 Fighting
 * Level 3.7 Polearms
 - Level 0.7 Armour
 - Level 1.3 Dodging
 - Level 2.0 Spellcasting
 - Level 2.6 Charms
 + Level 1.2 Translocations


You had 2 spell levels left.
You knew the following spells:

 Your Spells              Type           Power        Failure   Level  Hunger
a - Infusion              Chrm           #.....       12%         1    ##.....
o - Shroud of Golubria    Chrm/Tloc      #.........   24%         2    ###....


Dungeon Overview and Level Annotations

Branches:
Dungeon (2/15)

Altars:

Annotations:
D:2 Jessica, Sigmund


Innate Abilities, Weirdness & Mutations

You are immune to poison.
You are tiny and cannot use many weapons and most armour.
You are good at translocating small distances at will.
You are immune to negative energy.
Your natural rate of healing is unusually fast.
You frequently scream uncontrollably at your foes.
Space sometimes distorts in your vicinity.
You are immune to unholy pain and torment.


Message History

Your magical infusion is running out.
Sigmund completely misses you.
You hit Sigmund but do no damage.
Sigmund is butt-ly butt.
Butt hit Sigmund but do no damage.
Sigmund is lightly wounded.
Sigmund closely misses you.
You butt Sigmund.
Sigmund is moderately wounded.
Drink which butt? (? for menu, Esc to quit)
It was a potion of curing.
You feel better.
Sigmund zaps a wand.
The puff of flame hits you!
Ouch! That really hurt!
* * * LOW HITPOINT WARNING * * *
Unknown command.
You hit Sigmund!
Sigmund is heavily wounded.
Your shroud unravels.
Sigmund zaps a wand.
The puff of flame hits you!
You die...

#..(.# ##..#.##.# ##### ####.#
###..##.##.# ..@[#### #.#
#...###.##.# ###....# #.###.###
#.##.# ####.### #.....# #.##..
#..@### #..#### #.###. ###...###
###..# #.. ## ###...###....# ##.
# ###...@@##.# # ####..##.# #
#....##.## # ####.##.....### . #
#....#####....### #.# # ###.####
##.#...## #.# # ##...# #.###..#
#.# # ####..### #.# ##.###.###
####...[############.####..##.##.


You could see Sigmund.

Vanquished Creatures
  2 bats (D:1)
  A giant cockroach (D:1)
  3 goblins (D:1)
  3 hobgoblins (D:1)
  4 kobolds
  A giant newt (D:1)
  7 rats (D:1)
21 creatures vanquished.

Notes
Turn   | Place    | Note
--------------------------------------------------------------
     0 | D:1      | LogicNinja, the Imp Skald, began the quest for the Orb.
     0 | D:1      | Reached XP level 1. HP: 13/13 MP: 3/3
   191 | D:1      | Reached skill level 3 in Polearms
   285 | D:1      | Reached XP level 2. HP: 16/18 MP: 4/4
   289 | D:1      | Learned a level 2 spell: Shroud of Golubria
   467 | D:1      | Reached skill level 1 in Translocations
   868 | D:2      | Noticed Jessica
   901 | D:2      | Noticed Sigmund
   941 | D:2      | Killed from afar by Sigmund

Action                   || total
-------------------------++-------
Melee: Spear             ||    92
 Cast: Infusion          ||     2
       Shroud of Golubri ||     1
  Use: Potion            ||     1
 Stab: Sleeping          ||     1
